General information
- name: BNet
- type: Ladder team game (AT/RT)
- host: Battle.net
- saver: fineX
map: SunrockCove
- players: 6
- length: 26:15
- speed: Fast
- version: 1.24 W3XP
- replay type: Public
» download(213 KB)
Players
team 1 (loser)
gopherpuke (
blue | 39 APM | 1017 actions | 26:08)
3 Archmage
2 Summon Water Elemental
1 Brilliance Aura
» actions
| Assign group hotkey | 22 | |
| Basic commands | 9 | |
| Build / train | 79 | |
| ESC pressed | 1 | |
| Enter build submenu | 24 | |
| Enter hero's abilities submenu | 3 | |
| Right click | 457 | |
| Select / deselect | 284 | |
| Select group hotkey | 73 | |
| Use ability | 65 | |
1017 total
» units
| Peasant | 11 | |
| Footman | 24 | |
| Rifleman | 13 | |
| Mortar Team | 15 | |
63 total
» upgrades
| Defend | 1 | |
| Plating | 1 | |
| Swords | 1 | |
| Gunpowder | 1 | |
| Long Rifles | 1 | |
5 total
» buildings
| Altar of Kings | 1 | |
| Farm | 7 | |
| Barracks | 1 | |
| Lumber Mill | 3 | |
| Scout Tower | 5 | |
| Guard Tower | 2 | |
| Blacksmith | 3 | |
| Keep | 1 | |
| Workshop | 2 | |
| Gryphon Aviary | 1 | |
| Castle | 1 | |
| Town Hall | 1 | |
28 total
» build order
00:04 Altar of Kings
00:08 Farm
00:10 Barracks
01:09 Farm
01:34 Lumber Mill
02:09 Scout Tower
02:41 Guard Tower
03:12 Farm
03:53 Scout Tower
04:23 Guard Tower
04:29 Blacksmith
04:34 Blacksmith
05:14 Farm
05:44 Farm
05:58 Keep
09:21 Workshop
09:28 Workshop
11:14 Scout Tower
11:38 Farm
11:41 Farm
13:37 Scout Tower
13:43 Scout Tower
14:23 Lumber Mill
14:57 Lumber Mill
19:06 Gryphon Aviary
19:07 Castle
21:58 Blacksmith
22:32 Town Hall
musicaddict10 (
green | 23 APM | 597 actions | 26:12)
3 Archmage
1 Summon Water Elemental
1 Blizzard
1 Brilliance Aura
» actions
| Assign group hotkey | 20 | |
| Basic commands | 1 | |
| Build / train | 85 | |
| Enter build submenu | 20 | |
| Enter hero's abilities submenu | 3 | |
| Right click | 234 | |
| Select / deselect | 155 | |
| Select group hotkey | 26 | |
| Use ability | 53 | |
597 total
» units
| Peasant | 9 | |
| Footman | 36 | |
| Priest | 8 | |
| Gryphon Rider | 7 | |
60 total
» upgrades
| Defend | 1 | |
| Masonry | 2 | |
| Lumber Harvesting | 1 | |
4 total
» buildings
| Altar of Kings | 1 | |
| Barracks | 1 | |
| Farm | 10 | |
| Lumber Mill | 1 | |
| Scout Tower | 21 | |
| Guard Tower | 15 | |
| Keep | 1 | |
| Arcane Sanctum | 1 | |
| Castle | 1 | |
| Gryphon Aviary | 1 | |
53 total
» build order
00:16 Altar of Kings
00:28 Barracks
00:38 Farm
00:43 Farm
01:54 Lumber Mill
02:15 Scout Tower
04:00 Scout Tower
04:01 Scout Tower
04:03 Scout Tower
04:05 Scout Tower
04:07 Scout Tower
04:07 Scout Tower
04:43 Guard Tower
04:49 Guard Tower
05:15 Farm
05:19 Farm
05:21 Farm
05:27 Guard Tower
05:40 Guard Tower
06:07 Guard Tower
06:45 Guard Tower
08:58 Keep
09:40 Farm
09:41 Farm
09:47 Farm
09:47 Farm
09:48 Farm
11:42 Arcane Sanctum
12:00 Guard Tower
12:07 Scout Tower
14:13 Castle
14:26 Gryphon Aviary
14:30 Guard Tower
18:23 Scout Tower
18:27 Scout Tower
18:29 Scout Tower
18:36 Scout Tower
18:37 Scout Tower
18:49 Scout Tower
22:30 Scout Tower
22:37 Scout Tower
22:40 Scout Tower
22:41 Scout Tower
22:43 Scout Tower
22:47 Scout Tower
22:48 Scout Tower
23:44 Guard Tower
23:57 Guard Tower
24:01 Guard Tower
24:27 Guard Tower
24:56 Guard Tower
25:50 Guard Tower
25:55 Guard Tower
shmuckleputz (
teal | 58 APM | 1515 actions | 26:08)
2 Blademaster
1 Wind Walk
1 Critical Strike
2 Shadow Hunter
1 Healing Wave
1 Hex
» actions
| Assign group hotkey | 36 | |
| Basic commands | 32 | |
| Build / train | 66 | |
| ESC pressed | 7 | |
| Enter build submenu | 27 | |
| Enter hero's abilities submenu | 4 | |
| Give item / drop item | 1 | |
| Right click | 546 | |
| Select / deselect | 254 | |
| Select group hotkey | 475 | |
| Use ability | 67 | |
1515 total
» units
| Peon | 21 | |
| Grunt | 22 | |
| Troll Headhunter/Berserker | 3 | |
| Tauren | 4 | |
50 total
» upgrades
| Melee Weapons | 2 | |
| Ranged Weapons | 1 | |
| Armor | 1 | |
| Pulverize | 1 | |
5 total
» buildings
| Orc Burrow | 12 | |
| Altar of Storms | 3 | |
| Barracks | 2 | |
| War Mill | 2 | |
| Voodoo Lounge | 2 | |
| Watch Tower | 1 | |
| Great Hall | 1 | |
| Stronghold | 1 | |
| Fortress | 1 | |
| Tauren Totem | 2 | |
| Spirit Lodge | 1 | |
28 total
» build order
00:07 Orc Burrow
00:13 Altar of Storms
01:03 Barracks
01:24 Orc Burrow
01:50 War Mill
02:20 Voodoo Lounge
03:05 Watch Tower
04:00 Orc Burrow
04:54 Great Hall
05:31 Stronghold
10:04 Barracks
12:50 Fortress
14:09 Orc Burrow
14:12 Orc Burrow
16:21 Tauren Totem
16:25 Tauren Totem
16:37 Orc Burrow
16:38 Orc Burrow
16:44 Spirit Lodge
18:57 Orc Burrow
18:58 Orc Burrow
19:00 Orc Burrow
19:28 Altar of Storms
20:28 War Mill
20:34 Voodoo Lounge
21:57 Orc Burrow
22:04 Orc Burrow
25:32 Altar of Storms
» items
| Healing Salve | 1 | |
| Potion of Healing | 1 | |
| Potion of Mana | 1 | |
3 total
team 2 (winner)
btard (
pink | 48 APM | 1270 actions | 26:12)
8 Shadow Hunter
3 Hex
3 Healing Wave
1 Big Bad Voodoo
1 Serpent Ward
» actions
| Assign group hotkey | 6 | |
| Basic commands | 6 | |
| Build / train | 79 | |
| Enter build submenu | 19 | |
| Enter hero's abilities submenu | 8 | |
| Give item / drop item | 2 | |
| Remove unit from queue | 13 | |
| Right click | 774 | |
| Select / deselect | 270 | |
| Select group hotkey | 6 | |
| Use ability | 86 | |
1270 total
» units
| Peon | 10 | |
| Troll Batrider | 1 | |
| Wind Rider | 9 | |
20 total
» upgrades
| Spiked Barricades | 3 | |
| Ranged Weapons | 3 | |
| Armor | 3 | |
| Liquid Fire | 0 | |
| Envenomed Spears | 1 | |
| Reinforced Defenses | 1 | |
11 total
» buildings
| Altar of Storms | 1 | |
| Orc Burrow | 4 | |
| War Mill | 1 | |
| Watch Tower | 9 | |
| Voodoo Lounge | 1 | |
| Stronghold | 3 | |
| Fortress | 1 | |
| Beastiary | 1 | |
| Great Hall | 1 | |
22 total
» build order
00:10 Altar of Storms
00:29 Orc Burrow
00:44 War Mill
01:56 Watch Tower
02:05 Watch Tower
02:33 Watch Tower
02:39 Voodoo Lounge
03:33 Watch Tower
03:37 Stronghold
03:37 Stronghold
03:38 Stronghold
05:16 Watch Tower
05:17 Watch Tower
05:46 Watch Tower
05:48 Watch Tower
09:47 Fortress
09:48 Beastiary
09:50 Orc Burrow
09:51 Orc Burrow
10:41 Orc Burrow
17:22 Watch Tower
22:08 Great Hall
» items
| Healing Salve | 2 | |
| Boots of Speed | 1 | |
| Staff of Teleportation | 1 | |
| Lesser Clarity Potion | 9 | |
| Potion of Healing | 3 | |
| Potion of Mana | 4 | |
| Orb of Lightning | 1 | |
| Scroll of Town Portal | 1 | |
| Scroll of Speed | 1 | |
23 total
ChikenChampeon (
red | 139 APM | 3636 actions | 26:12)
6 Goblin Tinker
3 Pocket Factory
2 Engineering Upgrade
1 Robo-Goblin
3 Pandaren Brewmaster
2 Breath of Fire
1 Drunken Haze
» actions
| Assign group hotkey | 1490 | |
| Basic commands | 59 | |
| Build / train | 120 | |
| ESC pressed | 14 | |
| Enter build submenu | 37 | |
| Enter hero's abilities submenu | 9 | |
| Give item / drop item | 6 | |
| Right click | 1041 | |
| Select / deselect | 251 | |
| Select group hotkey | 464 | |
| Use ability | 145 | |
3636 total
» units
| Peasant | 31 | |
| Goblin Zeppelin | 2 | |
| Goblin Shredder | 1 | |
| Siege Engine | 4 | |
| Priest | 3 | |
41 total
» upgrades
| Masonry | 2 | |
| Gunpowder | 3 | |
| Fragmentation Shards | 1 | |
| Flare | 2 | |
| Barrage | 1 | |
| Armor | 1 | |
10 total
» buildings
| Altar of Kings | 1 | |
| Lumber Mill | 2 | |
| Farm | 12 | |
| Scout Tower | 11 | |
| Guard Tower | 9 | |
| Keep | 5 | |
| Arcane Vault | 1 | |
| Blacksmith | 1 | |
| Workshop | 5 | |
| Town Hall | 2 | |
| Castle | 3 | |
| Arcane Sanctum | 1 | |
| Gryphon Aviary | 6 | |
| Barracks | 1 | |
60 total
» build order
00:10 Altar of Kings
00:36 Lumber Mill
00:38 Farm
00:41 Farm
01:08 Farm
01:26 Scout Tower
01:27 Scout Tower
01:28 Scout Tower
01:33 Scout Tower
01:33 Scout Tower
02:22 Guard Tower
02:32 Guard Tower
02:32 Guard Tower
02:32 Guard Tower
02:56 Guard Tower
03:03 Guard Tower
03:37 Keep
03:37 Keep
03:37 Keep
03:38 Keep
04:06 Farm
04:31 Arcane Vault
04:36 Blacksmith
05:40 Scout Tower
05:41 Scout Tower
05:42 Scout Tower
06:49 Farm
06:49 Farm
07:11 Workshop
07:12 Workshop
08:08 Town Hall
08:10 Scout Tower
08:10 Scout Tower
08:11 Scout Tower
08:39 Guard Tower
09:44 Castle
09:44 Castle
10:26 Guard Tower
11:43 Workshop
11:44 Workshop
11:46 Workshop
11:53 Farm
11:53 Farm
11:54 Farm
11:55 Farm
11:55 Farm
11:56 Farm
16:18 Arcane Sanctum
18:38 Lumber Mill
23:47 Gryphon Aviary
23:48 Gryphon Aviary
23:49 Gryphon Aviary
23:49 Gryphon Aviary
23:50 Gryphon Aviary
23:50 Gryphon Aviary
23:51 Barracks
25:35 Town Hall
» items
| Boots of Speed | 2 | |
| Staff of Teleportation | 2 | |
| Lesser Clarity Potion | 13 | |
| Healing Salve | 3 | |
| Potion of Healing | 3 | |
| Potion of Mana | 3 | |
| Scroll of Town Portal | 1 | |
| Staff of Sanctuary | 4 | |
| Potion of Lesser Invulnerability | 1 | |
32 total
fineX (
yellow | 82 APM | 2156 actions | 26:15)
7 Blademaster
3 Wind Walk
3 Critical Strike
1 Bladestorm
3 Shadow Hunter
1 Hex
2 Healing Wave
3 Tauren Chieftain
1 Shockwave
2 Endurance Aura
» actions
| Assign group hotkey | 378 | |
| Basic commands | 1 | |
| Build / train | 76 | |
| Enter build submenu | 50 | |
| Enter hero's abilities submenu | 13 | |
| Give item / drop item | 5 | |
| Remove unit from queue | 1 | |
| Right click | 1019 | |
| Select / deselect | 215 | |
| Select group hotkey | 237 | |
| Use ability | 161 | |
2156 total
» units
» upgrades
» buildings
| Altar of Storms | 2 | |
| Orc Burrow | 6 | |
| War Mill | 2 | |
| Watch Tower | 29 | |
| Voodoo Lounge | 1 | |
| Stronghold | 1 | |
| Beastiary | 2 | |
| Fortress | 1 | |
| Great Hall | 3 | |
47 total
» build order
00:06 Altar of Storms
00:10 Orc Burrow
00:40 War Mill
01:57 Watch Tower
02:00 Watch Tower
02:25 Watch Tower
03:14 Voodoo Lounge
03:19 Watch Tower
03:35 Watch Tower
03:50 Stronghold
04:32 Watch Tower
04:44 Watch Tower
05:25 Watch Tower
05:44 Orc Burrow
05:46 Orc Burrow
05:47 Orc Burrow
05:54 Watch Tower
07:38 Watch Tower
07:38 Watch Tower
08:06 Watch Tower
08:07 Watch Tower
08:11 Watch Tower
09:38 Beastiary
10:00 Beastiary
13:03 Altar of Storms
14:10 War Mill
14:56 Orc Burrow
14:57 Orc Burrow
15:10 Fortress
16:49 Watch Tower
16:50 Watch Tower
16:54 Watch Tower
16:56 Watch Tower
16:57 Watch Tower
17:01 Watch Tower
17:03 Watch Tower
19:17 Great Hall
23:35 Watch Tower
23:35 Watch Tower
23:36 Watch Tower
24:17 Great Hall
24:18 Watch Tower
24:18 Watch Tower
24:19 Watch Tower
24:19 Watch Tower
24:22 Great Hall
25:00 Watch Tower
» items
| Healing Salve | 5 | |
| Lesser Clarity Potion | 8 | |
| Boots of Speed | 3 | |
| Staff of Teleportation | 3 | |
| Potion of Healing | 2 | |
| Potion of Mana | 1 | |
| Potion of Lesser Invulnerability | 1 | |
| Orb of Lightning | 3 | |
| Scroll of Town Portal | 1 | |
27 total
Chat log
(04:22 / All) btard: yo mon
(12:27 / Allies) ChikenChampeon: funy game
(15:30 / All) ChikenChampeon: U GUYS LIKE TANKS??
(15:39 / All) fineX: tank a good unit
(15:57 / All) ChikenChampeon: O NO
(15:58 / All) ChikenChampeon: RETREAT